Unix NetHack Version 5.0.0-0 post-release - last build May 10 2026 23:12:36 (d1fa5d53e341ca933230fdaa984d921c805b60aa,branch:main).

Game began 2026-05-16 00:32:05, ended 2026-05-16 01:23:34.

IanCurtis, chaotic male elven Wizard

         ----------
         |........|
         |........+
         |.[......|
         |...<....|
         |........|
         -------|--
                #                                          #
                #                                          d
                ##                            #############@+
                 #                            #            #
                 #                            #             .
                 ##                           #
                 -.---                        #
                 |...-#########################
                 |...|
                 -----

IanCurtis the Thaumaturge  St:11 Dx:16 Co:16 In:20 Wi:13 Ch:13  Chaotic
Dlvl:8  $:129 HP:0(44) Pw:59(75) AC:5  Xp:6 T:5644  Hungry  

Latest messages:
 It hits!
 You attack thin air.
 It hits!
 The magic-absorbing blade scares it!
 You destroy it!
 You can see again.
 You see here a twisted ring.
 You hear a distant zap.
 U - a twisted ring.
 That door is closed.
 The door resists!
 The door opens.
 Wizard needs food, badly!
 You miss the giant spider.
 The giant spider bites!
 The giant spider bites!
 The magic-absorbing blade stuns the giant spider!
 The giant spider bites!
 The magic-absorbing blade stuns the giant spider!
 The giant spider bites!
 In what direction? l
 The spell misses the giant spider.
 The spell hits it!
 The giant spider bites!
 You shock the giant spider.
 You kill it!
 The giant spider bites!
 In what direction? l
 The spell hits the giant spider!
 You kill the giant spider!
 You see here a giant spider corpse.
 There is a giant spider corpse here; eat it? [ynq] (n) y
 Ecch - that must have been poisonous!
 Wizard, your life force is running out.
 You smell a dragon!
 You only feel hungry now.
 You finish eating the giant spider corpse.
 You feel healthy.
 There is a golden naga hatchling corpse here; eat it? [ynq] (n) n
 You don't have anything else to eat.
 There is a golden naga hatchling corpse here; eat it? [ynq] (n) y
 Blecch!  Rotten food!
 You finish eating the golden naga hatchling corpse.
 You learn more about your items by comparing them.
 O - an uncursed scroll labeled VENZAR BORGAVVE (2 in total).
 You hear a door open.
 You notice a dog smell.
 The hell hound bites!
 You die...
 Do you want your possessions identified? [ynq] (y) q

Inventory:
 Coins    ('$')
  $ - 129 gold pieces
 Weapons  (')')
  a - the rustproof +0 Magicbane (weapon in right hand)
  T - a blessed +1 quarterstaff
 Armor    ('[')
  q - an uncursed +0 orcish helm (being worn)
  Q - an uncursed +0 pair of elven boots (being worn)
  b - a blessed +2 cloak of magic resistance (being worn)
 Scrolls  ('?')
  O - 2 uncursed scrolls of amnesia
  w - an uncursed scroll of blank paper
  v - a cursed scroll of blank paper
  C - a cursed scroll of enchant weapon
  k - 2 blessed scrolls of identify
  P - an uncursed scroll of identify
  u - an uncursed scroll of teleportation
 Spellbooks  ('+')
  s - an uncursed spellbook of slow monster
  z - an uncursed spellbook of turn undead
 Potions  ('!')
  y - 2 uncursed potions of extra healing
  M - an uncursed potion of hallucination
  p - 6 uncursed potions of healing
  x - 2 uncursed potions of healing
  r - an uncursed potion of restore ability
  D - an uncursed potion of speed
 Rings    ('=')
  J - an uncursed +2 ring of gain strength
  U - a cursed -2 ring of protection
  e - an uncursed ring of protection from shape changers
 Wands    ('/')
  c - a wand of probing (0:7)
  B - a wand of striking (0:6)
  A - a wand of undead turning (0:7)
 Tools    ('(')
  o - an uncursed leather drum
  n - a magic marker (0:19)
  d - a +0 pick-axe

IanCurtis the Wizard's attributes:

Background:
 You were a Thaumaturge, a level 6 male elven Wizard.
 You were chaotic, on a mission for Anhur
 who was opposed by Ptah (lawful) and Thoth (neutral).
 You were right-handed.
 You were in the Dungeons of Doom, on level 8.
 You entered the dungeon 5644 turns ago.
 It was nighttime.
 There was a new moon in effect when your adventure ended.
 You had 628 experience points, 12 more were needed to attain level 7.

Basics:
 You had 0 out of 44 hit points.
 You had 59 out of 75 energy points (spell power).
 Your armor class was 5.
 Your wallet contained 129 zorkmids.
 Autopickup was off.

Final Characteristics:
 Your strength was 11 (peak:14, limit:18).
 Your dexterity was 16 (limit:18).
 Your constitution was 16 (limit:16).
 Your intelligence was 20 (limit:20).
 Your wisdom was 13 (limit:20).
 Your charisma was 13 (limit:18).

Final Status:
 You were hungry.
 You were unencumbered.
 You were wielding a dagger.
 You were unskilled in dagger.

Final Attributes:
 You were piously aligned.
 You were magic-protected.
 You were sleep resistant.
 You were poison resistant.
 You had infravision.
 You were stealthy.
 You were warded.
 You are dead.

Miscellaneous:
 You didn't encounter any bones levels.
 Total elapsed playing time was 51 minutes and 28 seconds.

Major events:
 Turn
    1: IanCurtis the chaotic male elven Wizard entered the dungeon
  479: entered the Gnomish Mines
  530: attained the rank of Conjurer (level 3)
 3666: attained the rank of Thaumaturge (level 6)
 5347: was bestowed with Magicbane by Anhur
 5644: killed by a chameleon imitating a hell hound

Spells:
 Name                 Level Category     Fail Retention
 force bolt             1   attack         0%   71%-75%
 identify               3   divination    75%   51%-75%
 healing                1   healing        0%  76%-100%
 chain lightning        2   attack         0%   76%-80%
 slow monster           2   enchantment    0%   81%-90%

Skills:
 Fighting Skills
   bare handed combat [Unskilled]
   riding             [Unskilled]
 Weapon Skills
   dagger             [Unskilled]
   knife              [Unskilled]
   axe                [Unskilled]
   short sword        [Unskilled]
   club               [Unskilled]
   mace               [Unskilled]
   quarterstaff       [Basic]
   polearms           [Unskilled]
   spear              [Unskilled]
   trident            [Unskilled]
   sling              [Unskilled]
   dart               [Unskilled]
   shuriken           [Unskilled]
 Spellcasting Skills
   attack spells      [Skilled]
   healing spells     [Unskilled]
   divination spells  [Unskilled]
   enchantment spells [Basic]
   clerical spells    [Unskilled]
   escape spells      [Unskilled]
   matter spells      [Unskilled]

Voluntary challenges:
 Character rerolling was not enabled.
 You never genocided any monsters.
 You never polymorphed an object.
 You never changed form.
 You used no wishes.
Achievements:
 You entered the Gnomish Mines.
 You attained the rank of Conjurer.
 You entered a shop.
 You attained the rank of Thaumaturge.

 The Dungeons of Doom: levels 1 to 8
    Level 1: "vault"
    Level 2:
       A weapon shop, an altar to Anhur, a fountain.
       Stairs down to The Gnomish Mines.
    Level 3:
       A fountain.
    Level 4:
       A fountain.
    Level 5:
       An altar to Anhur.
    Level 6:
       A general store, an altar to Anhur.
    Level 7: "vault"
    Level 8: <- You were here.
       Final resting place for
          you, killed by a chameleon imitating a hell hound.
 The Gnomish Mines:
    Level 3:


Vanquished creatures:
  a giant spider
  a dog
  a dust vortex
  a raven
  3 human zombies
  a mountain nymph
  6 Uruk-hai
 an orc shaman
  a rock piercer
  2 rock moles
  a yellow light
  a gnome leader
  a gnomish wizard
  a golden naga hatchling
 an elf zombie
  a ghoul
  a paper golem
  2 giant ants
  2 floating eyes
  4 dwarves
  a kobold shaman
  a rothe
  a centipede
  a giant bat
 an orc zombie
  2 wererats
  a werejackal
 an iguana
  a hobbit
  a large kobold
  3 giant rats
  a brown mold
  a yellow mold
  a red mold
  a gnome
  6 garter snakes
  a gnome zombie
  7 geckos
  5 jackals
  a fox
  a kobold
  a goblin
  3 sewer rats
  3 grid bugs
  5 lichens
  2 kobold zombies
  3 newts
89 creatures vanquished.

No species were genocided or became extinct.

Game over:
                       ----------
                      /          \
                     /    REST    \
                    /      IN      \
                   /     PEACE      \
                  /                  \
                  |    IanCurtis     |
                  |      129 Au      |
                  |   killed by a    |
                  |    chameleon     |
                  | imitating a hell |
                  |      hound       |
                  |       2026       |
                 *|     *  *  *      | *
        _________)/\\_//(\/(/\)/\//\/|_)_______

Goodbye IanCurtis the Wizard...

You died in The Dungeons of Doom on dungeon level 8 with 2979 points,
and 129 pieces of gold, after 5644 moves.
You were level 6 with a maximum of 44 hit points when you died.

